 Dungeon Crawl Stone Soup version 0.30.1-11-g7821555f0a (webtiles) character file.

Game seed: 3998202127083834476

19 SEAkua the Ruffian (level 2, -6/23 HPs)
             Began as a Draconian Transmuter on Dec 21, 2023.
             Mangled by Sigmund
             ... wielding a +0 scythe
              (11 damage)
             ... on level 2 of the Dungeon on Dec 22, 2023.
             The game lasted 00:02:37 (554 turns).

SEAkua the Ruffian (Draconian Transmuter)            Turns: 554, Time: 00:02:38

Health: -6/23      AC:  4    Str: 12    XL:     2   Next: 55%
Magic:  5/5        EV: 12    Int: 13    God:
Gold:   6          SH:  0    Dex: 11    Spells: 4/5 levels left

rFire   . .          .
                       - Unarmed
rCold   . . .        (no shield)
rNeg    . . .        (body armour unavailable)
rPois   .            (helmet restricted)
rElec   .            (no cloak)
rCorr   .            (no gloves)
SInv    .            (no boots)
Will    .....        (no amulet)
Stlth   +            (no ring)
HPRegen 0.23/turn    (no ring)
MPRegen 0.09/turn

%: no passive effects
@: confused
A: AC +4, unfitting armour, cold-blooded
a: no special abilities


You were on level 2 of the Dungeon.
You visited 1 branch of the dungeon, and saw 2 of its levels.

You collected 6 gold pieces.

Inventory:

Scrolls
 c - a scroll of identify {unknown}


   Skills:
 + Level 1.1 Fighting
 + Level 2.0 Dodging
 + Level 3.4 Unarmed Combat
 + Level 2.1 Spellcasting
 + Level 2.2 Transmutations


You had 4 spell levels left.
You knew the following spells:

 Your Spells              Type           Power      Damage    Failure   Level
a - Beastly Appendage     Tmut           14%        N/A       10%         1

Your spell library contained the following spells:

 Spells                   Type           Power      Damage    Failure   Level
 Wereblood                Tmut           7%         N/A       16%         2
 Spider Form              Tmut/Pois      4%         N/A       43%         3
 Ice Form                 Ice/Tmut       4%         N/A       85%         4


Dungeon Overview and Level Annotations

Branches:
Dungeon (2/15)

Altars:

Annotations:
D:2 Sigmund


Innate Abilities, Weirdness & Mutations

Your plain brown scales are hard. (AC +4)
You cannot fit into any form of body armour.
You are cold-blooded and may be slowed by cold attacks.


Message History

You attack the rock wall.
You hear some strange, mumbled words.
A puff of flame appears from out of thin air!
The puff of flame hits you but does no damage.
You swing at nothing.
You nearly hit yourself!
Something hits you!
You nearly hit yourself!
You feel less confused. Something hits you but does no damage.
You swing at nothing.
You swing at nothing.
You feel less wooden. Something hits you!
* * * LOW HITPOINT WARNING * * *
You swing at nothing.
Something hits you.
* * * LOW HITPOINT WARNING * * *
You swing at nothing.
You swing at nothing.
Something hits you but does no damage.
You swing at nothing.
You swing at nothing.
Something barely misses you.
You swing at nothing.
Something hits you but does no damage.
You swing at nothing.
Sigmund appears from thin air!
Reactivating autopickup.
You swing at nothing.
Sigmund gestures wildly while chanting.
Sigmund flickers and vanishes!
Deactivating autopickup; reactivate with Ctrl-A.
You swing at nothing.
You hear some strange, mumbled words.
You are confused.
You're too confused to attack without stumbling around!
You're too confused to attack without stumbling around!
You're too confused to attack without stumbling around!
You're too confused to attack without stumbling around!
You're too confused to attack without stumbling around!
You're too confused to attack without stumbling around!
You're too confused to attack without stumbling around!
Found a stone staircase leading up.
Something hits you!
You die...

#.##.######.##
#.##........ #....#
### ###..# #
#...###.)# .#
........)## ####.####
..........###.......#
.##)###$...{.........
.. ##.#####@#...#.#
.. #...##.........# .
##.#####.#...^..
#..?# #...#....
#.....# ##. . ...
##...## ##.. <# .....
#. # ....... .#
.......


There were no monsters in sight!

Vanquished Creatures
  A worm (D:2)
  2 dart slugs (D:1)
  An endoplasm (D:1)
  2 goblins
  2 hobgoblins
  2 ball pythons (D:2)
  A frilled lizard (D:1)
  A kobold (D:2)
  A rat (D:1)
13 creatures vanquished.

Notes
Turn   | Place    | Note
-------+----------+-------------------------------------------
     0 | D:1      | SEAkua the Draconian Transmuter began the quest for the
                  | Orb.
     0 | D:1      | Reached XP level 1. HP: 16/16 MP: 3/3
   231 | D:1      | Reached XP level 2. HP: 20/23 MP: 3/5
   512 | D:2      | Noticed Sigmund
   554 | D:2      | Mangled by Sigmund

Illustrated notes

Levels and vault maps discovered:
D:1:      dpeg_arrival_tiny_h, layout_basic, serial_forest,
          infiniplex_forest_lined_2, infiniplex_forest_lined_2,
          infiniplex_forest_clump_small, infiniplex_forest_lined_ring,
          infiniplex_forest_clump_medium, infiniplex_forest_straight_1,
          infiniplex_forest_clump_curved
D:2:      layout_loops_ring, basic_altar, serial_shops, shop_fountains,
          nrook_campfire, nicolae_figureground_sparkle, uniq_natasha,
          uniq_sigmund

Skill      XL: |  1 |
---------------+----+-----
Dodging        | 2 |  2.0
Fighting       | |  1.1
Unarmed Combat | |  3.4
Spellcasting   | |  2.1
Transmutations | |  2.2

Action                     || total
---------------------------++-------
  Melee: Unarmed           ||    97
         Kick              ||     3
         Tailslap          ||    19
         Punch             ||     3
         Headbutt          ||     2
   Cast: Beastly Appendage ||     6
    Use: Potion            ||     2
 Armour: Skin              ||    14
  Dodge: Dodged            ||    25
